 Dungeon Sprint DCSS version 0.27-a0-972-gd1521fd518 (webtiles) character file.

Game seed: 6095844935347450798

173 Snicker the Carver (level 5, 0/48 HPs)
             Began as a Minotaur Gladiator on Apr 14, 2021.
             Was an Initiate of Okawaru.
             Slain by a two-headed ogre
             ... wielding a +0 giant club
              (14 damage)
             ... in the Dungeon (Sprint IX: "|||||||||||||||||||||||||||||").
             The game lasted 00:01:38 (318 turns).

Snicker the Carver (Minotaur Gladiator)              Turns: 318, Time: 00:01:38

Health: 0/48       AC:  8    Str: 18    XL:     5   Next: 28%
Magic:  4/4        EV: 13    Int: 11    God:    Okawaru [......]
Gold:   0          SH:  0    Dex: 13    Spells: 4/4 levels left

rFire    . . .     SeeInvis .   a - +2 scimitar (holy)
rCold    . . .     Faith    .   (no shield)
rNeg     . . .     Spirit   .   o - +2 ring mail
rPois    .         Reflect  .   c - +0 hat
rElec    .         Harm     .   (no cloak)
rCorr    .         Rampage  .   n - +0 pair of gloves
Will     .....     NoTele   +   (no boots)
Stlth    +.........             (no amulet)
HPRegen  0.16/turn              p - +3 ring of intelligence
MPRegen  0.09/turn              q - +3 ring of intelligence

@: very slightly contaminated, invisible
A: horns 2, retaliatory headbutt
a: Renounce Religion


You were in the Dungeon.
You worshipped Okawaru.
Okawaru was noncommittal.
You visited 1 branch

Inventory:

Hand Weapons
 a - a +2 scimitar of holy wrath (weapon)
 m - a +0 long sword
Missiles
 d - 3 throwing nets (quivered)
Armour
 b - a +0 leather armour
 c - a +0 hat (worn)
 n - a +0 pair of gloves (worn)
 o - a +2 ring mail (worn)
Jewellery
 p - a +3 ring of intelligence (left hand)
 q - a +3 ring of intelligence (right hand)
Wands
 l - a wand of iceblast (10)
Scrolls
 j - 2 scrolls of blinking
 k - 2 scrolls of amnesia
Potions
 e - 5 potions of curing
 g - a potion of haste
 h - 4 potions of magic
 i - 2 potions of heal wounds


   Skills:
 + Level 5.5 Fighting
 + Level 8.8 Long Blades
 + Level 3.6 Throwing
 + Level 2.4 Armour
 + Level 7.6 Dodging


You had 4 spell levels left.
You didn't know any spells.
Your spell library was empty.

Dungeon Overview and Level Annotations

Branches:
Dungeon (1/1)

Altars:
Cheibriados
Dithmenos
Elyvilon
Fedhas
Gozag
Hepliaklqana
Kikubaaqudgha
Makhleb
Nemelex Xobeh
Okawaru
Qazlal
Ru
Sif Muna
Trog
Uskayaw
Vehumet
Wu Jian
Xom
Yredelemnul
Zin
The Shining One
Beogh
Jiyva
Lugonu


Innate Abilities, Weirdness & Mutations

You have a pair of horns on your head.
You reflexively headbutt those who attack you in melee.


Message History

The two-headed ogre hits you with a +0 giant club!
The two-headed ogre barely misses you.
You catch the helpless two-headed ogre completely off-guard!
You hit the two-headed ogre.
Your headbutt misses the two-headed ogre.
The two-headed ogre is moderately wounded.
The kobold brigand throws a poisoned dart.
The poisoned dart hits the two-headed ogre!
The two-headed ogre is poisoned.
You barely miss the two-headed ogre.
The two-headed ogre is moderately wounded.
The howler monkey hoots and howls with incredible vigour!
You hear a horrible gurgling sound!
You hear a shout!
You slash the two-headed ogre!
The two-headed ogre is heavily wounded.
The two-headed ogre misses you. You furiously retaliate!
You headbutt the two-headed ogre, but do no damage.
The two-headed ogre hits you with a +0 giant club.
You strike the helpless two-headed ogre from behind!
You hit the two-headed ogre.
The two-headed ogre is heavily wounded.
The two-headed ogre misses you. You furiously retaliate!
You headbutt the two-headed ogre.
You riposte.
You hit the two-headed ogre but do no damage.
The two-headed ogre is heavily wounded.
The two-headed ogre closely misses you.
You barely miss the two-headed ogre.
The two-headed ogre is heavily wounded.
The two-headed ogre hits you with a +0 giant club!
* * * LOW HITPOINT WARNING * * *
The two-headed ogre barely misses you.
You slash the two-headed ogre!
Your headbutt misses the two-headed ogre.
The two-headed ogre is severely wounded.
You slash the two-headed ogre!
You headbutt the two-headed ogre, but do no damage.
The two-headed ogre is almost dead.
The two-headed ogre barely misses you.
The two-headed ogre hits you with a +0 giant club!
You die... ▓▓▓▓▓▓▓▓▓▓▓▓▓▓▓▓▓▓▓▓▓▓▓▓ _______'..)..[..@OOKyhc. ▓▓▓▓▓▓▓▓▓▓▓▓▓▓▓▓▓▓▓▓▓▓▓▓

You could see 2 two-headed ogres, a kobold brigand, a centaur, a howler monkey and a killer bee.

Vanquished Creatures
  An ogre (D)
  A phantom (D)
  A gnoll (D)
  2 hobgoblins (D)
  A kobold (D)
  A quokka (D)
  A bat (D)
  A jackal skeleton (D)
  A quokka zombie (D)
10 creatures vanquished.

Notes
Turn   | Place    | Note
-------+----------+-------------------------------------------
     0 | D        | Snicker the Minotaur Gladiator began the quest for the Orb.
     0 | D        | Reached XP level 1. HP: 18/18 MP: 0/0
     7 | D        | Reached skill level 4 in Long Blades
    24 | D        | Noticed a phantom
    24 | D        | Noticed an ogre
    35 | D        | Killed a phantom
    36 | D        | Reached skill level 7 in Long Blades
    36 | D        | Reached skill level 1 in Armour
    36 | D        | Reached XP level 2. HP: 24/28 MP: 1/1
    36 | D        | Reached XP level 3. HP: 29/34 MP: 2/2
    36 | D        | Reached XP level 4. HP: 35/41 MP: 3/3
    38 | D        | Killed an ogre
    39 | D        | Reached skill level 5 in Fighting
    39 | D        | Reached skill level 8 in Long Blades
    39 | D        | Reached XP level 5. HP: 31/48 MP: 4/4
   243 | D        | Found a snail-covered altar of Cheibriados.
   243 | D        | Found a shadowy altar of Dithmenos.
   243 | D        | Found a white marble altar of Elyvilon.
   243 | D        | Found a blossoming altar of Fedhas.
   243 | D        | Found an opulent altar of Gozag.
   244 | D        | Found a hazy altar of Hepliaklqana.
   245 | D        | Found a viscous altar of Jiyva.
   246 | D        | Found an ancient bone altar of Kikubaaqudgha.
   247 | D        | Found a corrupted altar of Lugonu.
   248 | D        | Found a burning altar of Makhleb.
   249 | D        | Found a sparkling altar of Nemelex Xobeh.
   250 | D        | Found an iron altar of Okawaru.
   251 | D        | Found a stormy altar of Qazlal.
   252 | D        | Found a sacrificial altar of Ru.
   253 | D        | Found a shimmering blue altar of Sif Muna.
   254 | D        | Found a bloodstained altar of Trog.
   255 | D        | Found a hide-covered altar of Uskayaw.
   256 | D        | Found a radiant altar of Vehumet.
   257 | D        | Found an ornate altar of the Wu Jian Council.
   258 | D        | Became a worshipper of Warmaster Okawaru
   259 | D        | Found a shimmering altar of Xom.
   260 | D        | Found a basalt altar of Yredelemnul.
   261 | D        | Found a glowing silver altar of Zin.
   262 | D        | Found a glowing golden altar of the Shining One.
   309 | D        | Noticed a two-headed ogre
   309 | D        | Noticed a two-headed ogre
   309 | D        | Noticed a centaur
   318 | D        | Slain by a two-headed ogre

Illustrated notes

Levels and vault maps discovered:
D:        linesprint [early_d, line_temple, items_1, d_10, items_2, lair_1,
          lair_end, items_3, orc_1, orc_end, items_4, d_15, swamp_1, shoals_1,
          snake_1, spider_1, d_20, vaults_1, items_5, swamp_end, shoals_end,
          snake_end, spider_end, vaults_end, d_27, items_6, zot_1, zot_end,
          crypt_end, forest_end, elf_end, slime_end, tomb_end, abyss_end,
          pan_hell_end]

Skill      XL: |  1  2  3  4 |
---------------+-------------+-----
Long Blades    | 7 8 |  8.8
Dodging        | 6 7 |  7.6
Fighting       | 4 5 |  5.5
Throwing       | 3 |  3.6
Armour         | 1 2 |  2.4

Action                   |  1- 3 |  4- 6 || total
-------------------------+-------+-------++-------
Melee: Long sword        |    15 |     7 ||    22
       Headbutt          |       |     3 ||     3
       Scimitar          |       |     8 ||     8
  Use: Potion            |     2 |     1 ||     3
 Stab: Invisible         |       |     2 ||     2
Armor: Leather armour    |     2 |       ||     2
Dodge: Dodged            |     5 |     9 ||    14
       Rpst.: Long sword |     1 |     1 ||     2
       Scimitar          |       |     1 ||     1

Table legend: (Time is in decaauts)
 A = Elapsed time spent in this place.
 B = Non-inter-level travel time spent in this place.
 C = Inter-level travel time spent in this place.
 D = Time resting spent in this place.
 E = Time spent auto-exploring this place.
 F = Levels seen in this place.
 G = Mean time per level.
                   A        B        C        D        E       F      G
               +--------+--------+--------+--------+--------+-----+--------+
         Total |    325 |    325 |      0 |    188 |      0 |   1 |  325.0 |
       Dungeon |    325 |    325 |      0 |    188 |      0 |   1 |  325.0 |
               +--------+--------+--------+--------+--------+-----+--------+

Top non-repeatable levels by time:
       D: 325 daAuts
